 Dungeon Crawl Stone Soup version 0.30-a0-782-ge64f9170bb (webtiles) character file.

Game seed: 3789545985598343597

734 kae the Digger (level 7, -5/36 HPs)
             Began as a Gargoyle Earth Elementalist on Mar 7, 2023.
             Slain by an ogre
             ... wielding a +0 giant spiked club
              (15 damage)
             ... on level 5 of the Dungeon.
             The game lasted 00:03:22 (4160 turns).

kae the Digger (Gargoyle Earth Elementalist)        Turns: 4160, Time: 00:03:23

Health: -5/36      AC:  6    Str: 12    XL:     7   Next: 74%
Magic:  6/13       EV: 16    Int: 17    God:
Gold:   308        SH:  0    Dex: 10    Spells: 5/15 levels left

rFire   . . .      SeeInvis .    s - +1 whip (pain)
rCold   + . .      Faith    .    (no shield)
rNeg    + . .      Spirit   .    a - +0 robe
rPois   ∞          Reflect  .    (no helmet)
rElec   +          Harm     .    (no cloak)
rCorr   .          Rampage  .    (no gloves)
Will    .....                    (no boots)
Stlth   ++                       (no amulet)
HPRegen 0.26/turn                E - +5 ring of evasion
MPRegen 0.13/turn                C - ring of protection from cold

@: no status effects
A: sickness immunity, AC +4, negative energy resistance 1, electricity
resistance, torment resistance 1, petrification resistance
a: no special abilities


You were on level 5 of the Dungeon.
You visited 2 branches of the dungeon, and saw 6 of its levels.

You collected 308 gold pieces.


Innate Abilities, Weirdness & Mutations

You are immune to sickness and miasma.
Your stone body is resilient. (AC +4)
You are immune to poison.
You resist negative energy. (rN+)
You are resistant to electric shocks. (rElec)
You are resistant to unholy torment.
You are immune to petrification.


   Skills:
 - Level 1.5 Dodging
 - Level 2.1 Stealth
 + Level 4.5 Spellcasting
 * Level 5.5 Conjurations
 - Level 0.7 Transmutations
 + Level 6.5 Earth Magic


You had 5 spell levels left.
You knew the following spells:

 Your Spells              Type           Power      Damage    Failure   Level
a - Sandblast             Erth           52%        2d12      1%          1
b - Stone Arrow           Conj/Erth      48%        3d10      3%          3
c - Passwall              Tmut/Erth      13%        N/A       4%          2
d - Petrify               Tmut/Erth      16%        N/A       32%         4

Your spell library contained the following spells:

 Spells                   Type           Power      Damage    Failure   Level
 Portal Projectile        Hex/Tloc       6%         N/A       41%         3
 Tukima's Dance           Hex            3%         N/A       41%         3
 Animate Dead             Necr           3%         N/A       83%         4
 Blade Hands              Tmut           3%         N/A       97%         5
 Haunt                    Necr/Summ      1%         N/A       100%        7
 Infestation              Necr           1%         N/A       100%        8

Inventory:

Hand Weapons
 s - a +1 whip of pain (weapon)
   (You took it off an orc on level 3 of the Dungeon)
Missiles
 c - 3 javelins
 h - 5 boomerangs
 k - 32 stones
Armour
 a - a +0 robe (worn)
Magical Staves
 d - a staff of poison {!a}
   (You found it on level 3 of the Dungeon)
Jewellery
 C - a ring of protection from cold (right hand)
   (You found it on level 3 of the Dungeon)
 E - a +5 ring of evasion (left hand)
   (You found it on level 2 of the Dungeon)
 F - a ring of fire
   (You found it on level 3 of the Dungeon)
Scrolls
 e - 4 scrolls of teleportation {@r4}
 n - a scroll of poison
 p - a scroll of vulnerability {!r!r}
 t - 2 scrolls of amnesia {unknown}
 u - a scroll of magic mapping {unknown}
 v - 3 scrolls of identify {@r1}
Potions
 b - a potion of magic
 f - 3 potions of mutation {!q}
 g - 2 potions of degeneration {unknown}
 i - 3 potions of curing {unknown}
 j - a potion of cancellation {unknown}
 l - a potion of attraction {!q}
 m - a potion of resistance {unknown}
 o - 2 potions of haste {@q3}
 q - a potion of brilliance {unknown}
 r - a potion of lignification {unknown}
 w - a potion of heal wounds {unknown}

Dungeon Overview and Level Annotations

Branches:
Dungeon (5/15) Zot: 25829  Temple (1/1) D:4 Zot: 5937

Altars:
Ashenzari
Cheibriados
Dithmenos
Elyvilon
Gozag
Hepliaklqana
Kikubaaqudgha
Nemelex Xobeh
Okawaru
Qazlal
Ru
Sif Muna
Trog
Uskayaw
Wu Jian
Yredelemnul
Zin
The Shining One

Shops:
D:1 [

Annotations:
D:5 2 runed translucent doors

##.## #...#
#.#.# ##.#.##
#..#..# ##
##.###.## .#
###..# #..###
.#####...##
##...####
###....###
###@...#
....####
..⌠.ShO..).....
###....#
#...###....####
####)..##
..#### #..# ###
.#


You could see a water moccasin, a black bear and an ogre.


Message History

Aim: a gnoll, wielding a +0 halberd (85% to hit)
The blast of sand hits the gnoll! 😎 MP[-1]
You lost 1 mp, and now have 12/13 mp.
Casting: Sandblast (safe; 1% risk of failure)
Confirm with . or Enter, or press ? or * to list all spells.
Aiming: Sandblast (safe; 1% risk of failure)
Press: ? - help, Shift-Dir - straight line, f/p - gnoll
Aim: a gnoll, wielding a +0 halberd (almost dead, 85% to hit)
The blast of sand hits the gnoll!
You kill the gnoll! 😎 MP[-1]
You lost 1 mp, and now have 11/13 mp.
e - 4 scrolls of teleportation {@r4} (gained 1)
Found a stone staircase leading down. 😎 MP[+2]
Your mp is fully restored (13).
Casting: Sandblast (safe; 1% risk of failure)
Confirm with . or Enter, or press ? or * to list all spells.
You can't see any susceptible monsters within range! (Use Z to cast anyway.)
You open the door.
Found a sacrificial altar of Ru.
There is an open door here.
There is a sacrificial altar of Ru here.
You open the door.
There is an open door here.
You open the door.
Found a stone staircase leading down.
There is an open door here.
You open the door.
There is an open door here.
You now have 308 gold pieces (gained 5).
A hound and a black bear come into view.
The black bear growls angrily.
The hound barks!
A water moccasin comes into view.
An ogre comes into view. It is wielding a +0 giant spiked club.
The ogre shouts!
There are monsters nearby!
There are monsters nearby!
Casting: Sandblast (safe; 1% risk of failure)
Confirm with . or Enter, or press ? or * to list all spells.
Aiming: Sandblast (safe; 1% risk of failure)
Press: ? - help, Shift-Dir - straight line, f - hound
Aim: a hound (76% to hit)
The blast of sand hits the hound.
The water moccasin hisses angrily. 😎 MP[-1]
You lost 1 mp, and now have 12/13 mp.
Casting: Sandblast (safe; 1% risk of failure)
Confirm with . or Enter, or press ? or * to list all spells.
Aiming: Sandblast (safe; 1% risk of failure)
Press: ? - help, Shift-Dir - straight line, f/p - hound
Aim: a hound (moderately wounded, 76% to hit)
The blast of sand hits the hound!
The hound closely misses you. The hound misses you.
The hound bites you. 😕 HP[-2] MP[-1]
You take 2 damage, and now have 34/36 hp.
You lost 1 mp, and now have 11/13 mp.
Casting: Sandblast (safe; 1% risk of failure)
Confirm with . or Enter, or press ? or * to list all spells.
Aiming: Sandblast (safe; 1% risk of failure)
Press: ? - help, Shift-Dir - straight line, f/p - hound
Aim: a hound (almost dead, 76% to hit)
The blast of sand misses the hound.
The hound barely misses you.
The hound bites you but does no damage. 😕 MP[-1]
You lost 1 mp, and now have 10/13 mp.
Casting: Sandblast (safe; 1% risk of failure)
Confirm with . or Enter, or press ? or * to list all spells.
Aiming: Sandblast (safe; 1% risk of failure)
Press: ? - help, Shift-Dir - straight line, f/p - hound
Aim: a hound (almost dead, 76% to hit)
The blast of sand hits the hound.
You kill the hound! 😕 HP[+1] MP[-1]
You lost 1 mp, and now have 9/13 mp.
Casting: Sandblast (safe; 1% risk of failure)
Confirm with . or Enter, or press ? or * to list all spells.
Aiming: Sandblast (safe; 1% risk of failure)
Press: ? - help, Shift-Dir - straight line, f - ogre
Aim: an ogre, wielding a +0 giant spiked club (92% to hit)
The blast of sand hits the ogre!
The ogre hits you with a +0 giant spiked club!!
Ouch! That really hurt!
* * * LOW HITPOINT WARNING * * *
😨 HP[-25]
You take 25 damage, and now have 10/36 hp.
MASSIVE DAMAGE!! (PAUSE)
Okay, then.
Okay, then.
You aren't carrying any items that you can evoke.
Unknown command.
Casting: Sandblast (safe; 1% risk of failure)
Confirm with . or Enter, or press ? or * to list all spells.
Aiming: Stone Arrow (dangerous; 3% risk of failure)
Press: ? - help, Shift-Dir - straight line, f/p - ogre
Aim: an ogre, wielding a +0 giant spiked club (heavily wounded, 86% to hit)
The stone arrow hits the ogre!
The ogre hits you with a +0 giant spiked club!
You die...

Skill      XL: |  1  2  3  4  5  6  7 |
---------------+----------------------+-----
Earth Magic    | 4 5 6 |  6.5
Spellcasting   | 3 4 |  4.5
Conjurations   | 2 3 4 5 |  5.5
Dodging        | |  1.5
Stealth        | |  2.1
Transmutations | |  0.7

Action                     |  1- 3 |  4- 6 |  7- 9 || total
---------------------------+-------+-------+-------++-------
  Melee: Whip              |       |     5 |       ||     5
   Cast: Sandblast         |    21 |    88 |    32 ||   141
         Stone Arrow       |       |       |     1 ||     1
    Use: Scroll            |     6 |     2 |       ||     8
         Potion            |       |     1 |       ||     1
 Armour: Robe              |       |    19 |    10 ||    29
  Dodge: Dodged            |     3 |    57 |    20 ||    80

Levels and vault maps discovered:
D:1:      denvon_arrival_waterhouse, layout_basic,
          ebering_ecumenical_altar_webs, serial_shops, shop_coins, minmay_cupped
D:2:      layout_basic, uniq_terence
D:3:      layout_loops_corners, general_overflow_altar, minmay_misc_feat_room
D:4:      layout_loops_corners, lemuel_temple_firewalk_b
D:5:      minmay_general_purpose_star, layout_loops_corners,
          makhleb_blood_cavern_becter, kennysheep_mini,
          ebering_ghost_disaster_area
Temple:   nicolae_temple_x_marks_the_god

Notes
Turn   | Place    | Note
-------+----------+-------------------------------------------
     0 | D:1      | kae the Gargoyle Earth Elementalist began the quest for the
                  | Orb.
     0 | D:1      | Reached XP level 1. HP: 10/10 MP: 3/3
     0 | D:1      | magus.rc [v1.11.3]
    19 | D:1      | magus.rc [v1.11.3]
    19 | D:1      | magus.rc [v1.11.3]
   100 | D:1      | Found Wieptig's Antique Armour Boutique.
   186 | D:1      | Reached XP level 2. HP: 15/15 MP: 3/5
   294 | D:1      | Reached skill level 4 in Earth Magic
   576 | D:1      | Found a faded altar of an unknown god.
   876 | D:2      | Noticed a howler monkey
   878 | D:2      | Killed a howler monkey
   879 | D:2      | Reached skill level 3 in Spellcasting
   879 | D:2      | Reached XP level 3. HP: 18/19 MP: 3/7
   879 | D:2      | Reached XP level 4. HP: 22/24 MP: 3/8
   884 | D:2      | Learned a level 3 spell: Stone Arrow
   891 | D:2      | Learned a level 2 spell: Passwall
   994 | D:2      | You pick up a book of Weapons and begin reading...
   994 | D:2      | You add the spells Tukima's Dance, Portal Projectile and
                  | Blade Hands to your library.
  1112 | D:2      | Identified the +1 robe "Xohafira" {Str+2}
  1168 | D:2      | Noticed Terence
  1178 | D:2      | HP: 4/24 [Terence/+0 flail (7)]
  1192 | D:2      | Killed Terence
  1193 | D:2      | Reached skill level 1 in Conjurations
  1193 | D:2      | Reached skill level 5 in Earth Magic
  1707 | D:3      | Found a snail-covered altar of Cheibriados.
  1792 | D:3      | You pick up a book of Death and begin reading...
  1792 | D:3      | You add the spells Animate Dead, Haunt and Infestation to
                  | your library.
  1796 | D:3      | Identified the +4 ring mail "Xutzodi" {rPois}
  2049 | D:3      | Reached skill level 2 in Conjurations
  2049 | D:3      | Reached XP level 5. HP: 28/28 MP: 5/10
  2662 | D:4      | Noticed a black bear
  2680 | D:4      | Killed a black bear
  2681 | D:4      | Reached skill level 3 in Conjurations
  2681 | D:4      | Reached XP level 6. HP: 27/32 MP: 4/11
  3077 | D:4      | Noticed an ice beast
  3085 | D:4      | Killed an ice beast
  3086 | D:4      | Reached skill level 4 in Spellcasting
  3086 | D:4      | Reached skill level 4 in Conjurations
  3191 | D:4      | Reached skill level 6 in Earth Magic
  3191 | D:4      | Reached XP level 7. HP: 28/36 MP: 7/13
  3798 | D:4      | Found a staircase to the Ecumenical Temple.
  3815 | Temple   | Entered the Ecumenical Temple
  3884 | D:4      | Learned a level 4 spell: Petrify
  3920 | D:5      | Entered Level 5 of the Dungeon
  3934 | D:4      | Reached skill level 5 in Conjurations
  4022 | D:5      | Found a sacrificial altar of Ru.
  4105 | D:5      | Found a large runed translucent door.
  4105 | D:5      | Found a large runed translucent door.
  4160 | D:5      | Slain by an ogre

Vanquished Creatures
  A water moccasin (D:4)
  A black bear (D:4)
  An ice beast (D:4)
  A scorpion (D:4)
  A howler monkey (D:2)
  4 hounds
  Terence (D:2)
  An orc wizard (D:3)
  7 gnolls
  5 adders
  A worm (D:4)
  A dart slug (D:2)
  8 orcs
  5 endoplasms
  2 giant cockroaches
  7 goblins
  7 hobgoblins
  4 jackals (D:4)
  2 kobolds
  A quokka (D:4)
  5 ball pythons
  4 bats
  A frilled lizard (D:1)
  7 rats
78 creatures vanquished.

Table legend:
 A = Non-vault XP
 B = Vault XP
 C = Vault XP percentage of total XP
 D = Non-vault monster count
 E = Vault monster count
 F = Vault count percentage of total count
                 A         B        C        D         E       F
            +---------+---------+-------+---------+---------+-------
      Total |     965 |      84 |   8.0 |      71 |       7 |   9.0
            +---------+---------+-------+---------+---------+-------
        D:1 |      17 |       8 |  32.0 |      12 |       5 |  29.4
        D:2 |      76 |      36 |  32.1 |      13 |       1 |   7.1
        D:3 |      90 |       0 |   0.0 |      17 |       0 |   0.0
        D:4 |     767 |       0 |   0.0 |      28 |       0 |   0.0
        D:5 |      15 |      40 |  72.7 |       1 |       1 |  50.0
            +---------+---------+-------+---------+---------+-------

Illustrated notes

Table legend:
 A = Kills in this place as a percentage of kills in entire the game.
 B = Kills by you in this place as a percentage of kills by you in the entire game.
 C = Kills by friends in this place as a percentage of kills by friends in the entire game.
 D = Other kills in this place as a percentage of other kills in the entire game.
 E = Experience gained in this place as a percentage of experience gained in the entire game.
 F = Experience gained in this place divided by the number of levels of this place that you have seen.
                   A       B       C       D       E      F
               +-------+-------+-------+-------+-------+----------------------
         Total | 100.0 | 100.0 |   N/A |   N/A | 100.0 | 174.8
       Dungeon | 100.0 | 100.0 |   N/A |   N/A | 100.0 | 209.8
               +-------+-------+-------+-------+-------+----------------------

Table legend: (Time is in decaauts)
 A = Elapsed time spent in this place.
 B = Non-inter-level travel time spent in this place.
 C = Inter-level travel time spent in this place.
 D = Time resting spent in this place.
 E = Time spent auto-exploring this place.
 F = Levels seen in this place.
 G = Mean time per level.
                   A        B        C        D        E       F      G
               +--------+--------+--------+--------+--------+-----+--------+
         Total |   4232 |   4118 |    114 |     52 |   3609 |   6 |  705.3 |
       Dungeon |   4169 |   4064 |    105 |     52 |   3559 |   5 |  833.8 |
        Temple |     62 |     54 |      8 |      0 |     50 |   1 |   62.0 |
               +--------+--------+--------+--------+--------+-----+--------+

Top non-repeatable levels by time:
     D:4: 1287 daAuts
     D:3: 1057 daAuts
     D:1: 845 daAuts
     D:2: 786 daAuts
     D:5: 192 daAuts
  Temple: 62 daAuts
